 Dungeon Crawl Stone Soup version 0.27-a0-416-gca2cecf3c0 (webtiles) character file.

Game seed: 12544128098154225175

292 Gaff the Covert (level 6, -7/41 HPs)
             Began as a Vampire Brigand on Feb 25, 2021.
             Was an Initiate of Hepliaklqana.
             Mangled by a gnoll
             ... wielding a +0 spear
              (9 damage)
             ... on level 4 of the Dungeon.
             The game lasted 00:15:03 (2530 turns).

Gaff the Covert (Vampire Brigand)                   Turns: 2530, Time: 00:15:04

Health: -7/41      AC:  5    Str: 10    XL:     6   Next: 10%
Magic:  6/6        EV: 14    Int: 14    God:    Hepliaklqana [......]
Gold:   110        SH:  0    Dex: 23    Spells: 5/5 levels left

rFire    . . .     SeeInvis +   o - +2 dagger (vamp)
rCold    . . .     Faith    .   (no shield)
rNeg     + . .     Spirit   .   u - +2 robe {rN+}
rPois    .         Reflect  .   (no helmet)
rElec    .         Harm     .   c - +0 cloak
rCorr    .         Rampage  .   (no gloves)
Will     .....                  (no boots)
Stlth    +++++.....             p - amulet of regeneration
HPRegen  1.33/turn              y - +6 ring of dexterity
MPRegen  0.10/turn              (no ring)

@: about to teleport, regenerating quickly
A: reduced essence, fangs 3, see invisible, unbreathing
a: Exsanguinate, Renounce Religion, Recall Ancestor, Ancestor Identity


You were on level 4 of the Dungeon.
You worshipped Hepliaklqana.
Hepliaklqana was noncommittal.
You visited 1 branch of the dungeon, and saw 4 of its levels.

You collected 110 gold pieces.

Inventory:

Hand Weapons
 a - a +2 dagger
 o - a +2 vampiric dagger (weapon)
 t - a +2 club
 w - a +0 hunting sling
Missiles
 d - 8 poisoned darts (quivered)
 e - 2 curare-tipped darts
 f - 5 boomerangs
 l - 104 stones
Armour
 b - a +0 robe
 c - a +0 cloak (worn)
 u - a +2 robe of positive energy (worn)
Jewellery
 p - an amulet of regeneration (around neck)
 y - a +6 ring of dexterity (left hand)
 A - a ring of fire
Wands
 C - a wand of acid (7)
Scrolls
 g - a scroll of fear {unknown}
 h - 5 scrolls of identify
 k - a scroll of amnesia {unknown}
 B - a scroll of enchant armour {unknown}
Potions
 i - a potion of curing {unknown}
 j - 4 potions of flight {unknown}
 m - a potion of might {unknown}
 q - a potion of lignification {unknown}
 r - a potion of resistance {unknown}
 s - a potion of attraction {unknown}
 v - 2 potions of heal wounds {unknown}
 x - a potion of magic {unknown}
 z - a potion of invisibility {unknown}


   Skills:
 + Level 2.6 Fighting
 + Level 3.9 Short Blades
 + Level 1.7 Throwing
 + Level 2.7 Dodging
 + Level 8.8 Stealth


You had 5 spell levels left.
You didn't know any spells.
Your spell library contained the following spells:

 Spells                   Type           Power        Failure   Level
 Passwall                 Tmut/Erth      0%           41%         2
 Swiftness                Air            0%           41%         2
 Confusing Touch          Hex            0%           65%         3
 Gell's Gravitas          Tloc           0%           65%         3
 Passage of Golubria      Tloc           N/A          96%         4
 Petrify                  Tmut/Erth      0%           96%         4
 Lee's Rapid Deconstruct  Erth           0%           100%        5
 Metabolic Englaciation   Hex/Ice        0%           100%        5
 Yara's Violent Unravell  Hex/Tmut       0%           100%        5
 Invisibility             Hex            0%           100%        6


Dungeon Overview and Level Annotations

Branches:
Dungeon (4/15)
 Temple: D:4-7

Altars:
Hepliaklqana
Qazlal

Shops:
D:4 (

Annotations:
D:2 1 runed translucent door, 1 exclusion, Crazy Yiuf


Innate Abilities, Weirdness & Mutations

Your natural rate of healing is unusually fast.
You have razor-sharp teeth.
You have supernaturally acute eyesight. (SInv)
You can survive without breathing.
Your life essence is reduced to manifest your ancestor. (-10% HP)


Message History

The orc wizard is severely wounded.
The gnoll hits you but does no damage. The orc priest misses you.
The orc wizard hits you with a +3 dagger.
You bump into the rock wall.
The gnoll closely misses you.
The orc priest mumbles some strange prayers to Beogh against you.
You struggle to resist.
The orc wizard barely misses you.
You bump into the rock wall.
You feel less confused. The gnoll closely misses you.
The orc priest calls upon Beogh to heal the orc wizard.
The orc wizard is healed somewhat.
The orc wizard hits you with a +3 dagger.
You hit the orc wizard.
You feel better.
The orc wizard is heavily wounded.
The gnoll closely misses you.
The orc priest hits you but does no damage.
You closely miss the orc wizard.
The orc wizard is heavily wounded.
The gnoll hits you from afar with a +0 spear.
The orc wizard hits you but does no damage.
You hit the orc wizard but do no damage.
Your bite misses the orc wizard.
The orc wizard is heavily wounded.
The gnoll hits you from afar with a +0 spear.
The orc priest completely misses you.
The orc wizard points at you and mumbles some strange words.
The puff of flame hits you. The gnoll barely misses you.
As you read the scroll labelled WUPTATRELU, it crumbles to dust.
It is a scroll of identify.
n - a scroll of teleportation The gnoll hits you from afar with a +0 spear.
The orc priest calls down the wrath of Beogh upon you.
Beogh smites you!
* * * LOW HITPOINT WARNING * * *
The gnoll closely misses you.
The orc wizard hits you but does no damage.
As you read the scroll of teleportation, it crumbles to dust.
You feel strangely unstable.
The gnoll hits you from afar with a +0 spear!
You die...

# #.##.####..#
#.#.##.####..#
#.#.#.>......#
#..>...###..<......#
#.......>....###....
##.....#####... ..
##.#..# #..##
#.#..#####....
#....R@o###.##.
###.g##o# .# ......


og∩ ######. ...# ....... ..?..### .....# #### You could see the friendly Izel
the ancestor, an orc priest, an orc wizard (ally target), 2 gnolls and an orc.

Vanquished Creatures
  A bullfrog skeleton (D:2)
  Jessica (D:2)
  An orc wizard (D:3)
  3 gnolls (D:3)
  7 adders
  2 worms
  3 dart slugs (D:1)
  2 leopard geckos (D:2)
  4 orcs (D:3)
  12 bats
  3 giant cockroaches
  9 goblins
  8 hobgoblins
  4 jackals (D:2)
  A quokka (D:3)
  7 frilled lizards
  4 kobolds
  4 rats
76 creatures vanquished.

Vanquished Creatures (collateral kills)
  2 adders (D:2)
  An ooze (D:2)
  A worm (D:2)
  A dart slug (D:2)
  An orc (D:3)
  A goblin (D:2)
  A hobgoblin (D:2)
8 creatures vanquished.

Vanquished Creatures (others)
  An ancestor (D:3)
1 creature vanquished.

Grand Total: 85 creatures vanquished

Notes
Turn   | Place    | Note
-------+----------+-------------------------------------------
     0 | D:1      | Gaff the Vampire Brigand began the quest for the Orb.
     0 | D:1      | Reached XP level 1. HP: 16/16 MP: 1/1
    44 | D:1      | You fall into a shaft and drop 1 floor!
    46 | D:2      | Reached skill level 6 in Stealth
    46 | D:2      | Reached XP level 2. HP: 22/22 MP: 2/2
   190 | D:2      | Reached skill level 7 in Stealth
   211 | D:2      | Reached XP level 3. HP: 18/27 MP: 3/3
   517 | D:3      | Reached XP level 4. HP: 33/33 MP: 4/4
   524 | D:3      | Noticed an ogre
   724 | D:3      | Noticed an earth elemental
  1546 | D:2      | Reached skill level 8 in Stealth
  1580 | D:2      | Noticed Jessica
  1594 | D:2      | Reached XP level 5. HP: 38/38 MP: 5/5
  1603 | D:2      | Killed Jessica
  1648 | D:2      | Found a hazy altar of Hepliaklqana.
  1656 | D:2      | Became a worshipper of Hepliaklqana the Forgotten
  2027 | D:2      | Found a runed translucent door.
  2028 | D:2      | Noticed Crazy Yiuf
  2258 | D:3      | Reached XP level 6. HP: 37/41 MP: 6/6
  2307 | D:3      | Noticed an air elemental
  2309 | D:3      | Found a stormy altar of Qazlal.
  2310 | D:3      | Noticed a fire elemental
  2310 | D:3      | Noticed a water elemental
  2477 | D:4      | Found Nil Muth's Magic Scroll Shop.
  2509 | D:4      | Found Puses's Weapon Shoppe.
  2529 | D:4      | HP: 1/41 [orc priest/divine providence (14)]
  2530 | D:4      | Mangled by a gnoll

Illustrated notes

Levels and vault maps discovered:
D:1:      amcnicky_arrival_feature_with_door, layout_loops_ring,
          minmay_misc_feat_secret_circle
D:2:      kennysheep_six_static_rooms, layout_rooms, nzn_hepliaklqana_mist_gate,
          serial_rivers, chequers_serial_rivers_room_b,
          chequers_serial_rivers_micro_d, chequers_serial_rivers_room_b,
          chequers_serial_rivers_micro_e, chequers_serial_rivers_micro_b,
          chequers_serial_rivers_small_a, minmay_pentomino_w2,
          uniq_crazy_yiuf_cottage, uniq_jessica
D:3:      layout_loops_ring, nicolae_qazlal_style_of_elements
D:4:      layout_loops_ring, okawaru_metal_pillars_1_2,
          overflow_temple_1_default, minmay_temple_entry_stoned_glass,
          serial_shops, shop, shop, nicolae_shop_statue_plus,
          nicolae_shop_waterfront

Skill      XL: |  1  2  3  4 |
---------------+-------------+-----
Stealth        | 6 7 8 |  8.8
Fighting       | 2 |  2.6
Short Blades   | 3 |  3.9
Dodging        | 2 |  2.7
Throwing       | |  1.7

Action                   |  1- 3 |  4- 6 || total
-------------------------+-------+-------++-------
Melee: Dagger            |    79 |   170 ||   249
       Bite              |     7 |    18 ||    25
Invok: Ancestor Identity |       |     3 ||     3
  Use: Scroll            |       |     2 ||     2
 Stab: Sleeping          |     8 |    12 ||    20
       Distracted        |     2 |       ||     2
Armor: Robe              |    29 |    33 ||    62
Dodge: Dodged            |    34 |    97 ||   131

Table legend: (Time is in decaauts)
 A = Elapsed time spent in this place.
 B = Non-inter-level travel time spent in this place.
 C = Inter-level travel time spent in this place.
 D = Time resting spent in this place.
 E = Time spent auto-exploring this place.
 F = Levels seen in this place.
 G = Mean time per level.
                   A        B        C        D        E       F      G
               +--------+--------+--------+--------+--------+-----+--------+
         Total |   2507 |   2458 |     49 |    103 |   1087 |   4 |  626.8 |
       Dungeon |   2507 |   2458 |     49 |    103 |   1087 |   4 |  626.8 |
               +--------+--------+--------+--------+--------+-----+--------+

Top non-repeatable levels by time:
     D:2: 904 daAuts
     D:3: 792 daAuts
     D:1: 760 daAuts
     D:4: 50 daAuts
